 Dungeon Crawl Stone Soup version 0.17-a0-288-gaf424a4 (webtiles) character file.

5 RobertPalmer the Ogre Mage (level 1, -1/16 HPs)
             Began as an Ogre Wizard on Mar 30, 2015.
             Slain by a hobgoblin
             ... wielding a +0 club
              (2 damage)
             ... on level 1 of the Dungeon.
             The game lasted 00:00:36 (115 turns).

RobertPalmer the Ogre Mage (Ogre Wizard)             Turns: 115, Time: 00:00:37

Health: -1/16      AC:  3    Str: 11    XL:     1   Next: 80%
Magic:  0/4        EV: 10    Int: 17    God:
Gold:   9          SH:  0    Dex:  8    Spells: 1 memorised, 6 levels left

rFire  . . .     SeeInvis .     (no weapon)
rCold  . . .     Clarity  .     a - +0 robe
rNeg   . . .     SustAb   .     (no shield)
rPois  .         Gourm    .     b - +0 hat
rElec  .         Spirit   .     (no cloak)
rCorr  .         Warding  .     (gloves unavailable)
rMut   .         Stasis   .     (boots unavailable)
MR     .....                    (no amulet)
Stlth  +.........               (no ring)
                                (no ring)

@: not resistant to hostile enchantments, very unstealthy
A: unfitting armour, tough skin 1
a: no special abilities


You were on level 1 of the Dungeon.
You were not hungry.

You visited 1 branch of the dungeon, and saw 1 of its levels.

You collected 9 gold pieces.

Inventory:

Armour
 a - a +0 robe (worn)
 b - a +0 hat (worn)
Books
 c - a book of Minor Magic
Comestibles
 d - a meat ration {@e2}


   Skills:
 + Level 2.2 Dodging
 - Level 1.5 Stealth
 - Level 3.6 Spellcasting
 - Level 0.6 Conjurations
   Level 0.6 Summonings
   Level 0.6 Translocations


You had 6 spell levels left.
You knew the following spells:

 Your Spells              Type           Power        Failure   Level  Hunger
a - Magic Dart            Conj           #...         14%         1    None


Dungeon Overview and Level Annotations

Branches:
Dungeon (1/15)

Altars:


Innate Abilities, Weirdness & Mutations

You are too large for most types of armour.
You have tough skin (AC +1).


Message History

Unknown command.
You don't know that spell.
Aim: a bat You miscast Magic Dart.
You are very lightly contaminated with residual magic.
Your skin tingles.
The bat hits you but does no damage. The bat barely misses you.
You now have 3/4 mp.
Aim: a bat The magic dart hits the bat.
You kill the bat!
You now have 2/4 mp.
You start resting.
Your magical contamination has completely faded away.
Unknown command.
A rat comes into view.
There is an open gate here.
MP restored: 4 A rat is nearby!
A rat is nearby!
A rat is nearby!
Aim: a rat The magic dart hits the rat.
You kill the rat!
Your Dodging skill increases to level 2!
You now have 3/4 mp.
You can't see any susceptible monsters within range! (Use Z to cast anyway.) Unknown command.
A giant cockroach comes into view.
A hobgoblin comes into view. It is wielding a club.
The hobgoblin shouts!
You see here a golden potion.
Aim: a giant cockroach (clinging)
The magic dart hits the giant cockroach.
The giant cockroach barely misses you.
You now have 2/4 mp.
Aim: a giant cockroach (severely wounded, clinging)
You miscast Magic Dart.
You are very lightly contaminated with residual magic.
Nothing appears to happen.
The giant cockroach barely misses you.
A giant newt comes into view.
You now have 1/4 mp.
Aim: a giant cockroach (severely wounded, clinging)
The magic dart hits the giant cockroach.
The giant cockroach bites you. The giant cockroach barely misses you.
You take 1 damage, and have 15/16 hp.
You now have 0/4 mp.
The giant cockroach bites you.
You take 2 damage, and have 13/16 hp.
The giant cockroach bites you but does no damage.
The giant cockroach bites you.
There is an open gate here.
You take 2 damage, and have 11/16 hp.
The giant cockroach barely misses you.
Aim: a giant cockroach (almost dead)
The magic dart hits the giant cockroach.
You kill the giant cockroach!
You now have 1/4 mp.
Aim: a hobgoblin, wielding a club The magic dart hits the hobgoblin.
You now have 0/4 mp.
You don't have enough magic to cast that spell.
You barely miss the hobgoblin. The hobgoblin hits you with a club.
You take 2 damage, and have 9/16 hp.
You hit the hobgoblin. The hobgoblin closely misses you.
Your magical contamination has completely faded away.
You barely miss the hobgoblin. The hobgoblin hits you with a club.
You take 3 damage, and have 6/16 hp.
Aim: a hobgoblin, wielding a club (heavily wounded)
You miscast Magic Dart.
You are very lightly contaminated with residual magic.
You smell something strange.
The giant newt barely misses you.
You now have 0/4 mp.
The giant newt bites you but does no damage.
There is an open gate here.
A giant gecko and a goblin come into view.
The goblin shouts!
The giant newt bites you but does no damage.
The giant gecko closely misses you.
The giant newt bites you but does no damage.
A bat comes into view.
Your magical contamination has completely faded away.
Aim: a hobgoblin, wielding a club (moderately wounded)
The magic dart hits the giant gecko.
The giant gecko bites you.
* * * LOW HITPOINT WARNING * * *
The bat closely misses you.
You take 5 damage, and have 2/16 hp.
MASSIVE DAMAGE!!
You now have 1/4 mp.
The bat barely misses you. The giant gecko barely misses you.
Aim: a hobgoblin, wielding a club (moderately wounded)
The magic dart hits the giant gecko.
You kill the giant gecko!
The bat hits you.
* * * LOW HITPOINT WARNING * * *
You take 1 damage, and have 1/16 hp.
You now have 0/4 mp.
Unknown command.
The bat closely misses you.
The giant newt hisses menacingly.
The bat completely misses you. The hobgoblin hits you with a club.
You die...

#<.# ###.....'.......#
#..####......g'..#..###
#..##......#####.#.##
#........###.....#.#
#......###.......#.#
#....###.........#
#..###.....#.g...#
..####..bg...#........
........@g.......)...=.
..##......l............
######..............
#......###.... ....####
#.. .....# .....#
#.....# ....


You could see a hobgoblin, a goblin, a bat and a giant newt.

Vanquished Creatures
  A giant gecko (D:1)
  A bat (D:1)
  A giant cockroach (D:1)
  A rat (D:1)
4 creatures vanquished.

Notes
Turn   | Place    | Note
--------------------------------------------------------------
     0 | D:1      | RobertPalmer, the Ogre Wizard, began the quest for the Orb.
     0 | D:1      | Reached XP level 1. HP: 16/16 MP: 4/4
    51 | D:1      | Reached skill level 2 in Dodging
   110 | D:1      | HP: 2/16 [giant gecko (5)]
   115 | D:1      | Slain by a hobgoblin

Action                   || total
-------------------------++-------
Melee: Unarmed           ||     4
 Cast: Magic Dart        ||     8

Vault maps used:
D:1:      lemuel_arrival_funnel

Table legend:
 A = Turns spent in this place as a percentage of turns spent in the entire game.
 B = Non-inter-level travel turns spent in this place as a percentage of non-inter-level travel turns spent in the entire game.
 C = Inter-level travel turns spent in this place as a percentage of turns spent in this place.
 D = Turns resting spent in this place as a percentage of non-inter-level travel turns spent in this place.
 E = Turns spent auto-exploring this place as a percentage of non-inter-level travel turns spent in this place.
 F = Non-inter-level travel turns spent in this place divided by the number of levels of this place that you've seen.
                   A       B       C       D       E      F
               +-------+-------+-------+-------+-------+----------------------
         Total | 100.0 | 100.0 |   0.0 |   2.4 |   2.4 |  84.0
       Dungeon | 100.0 | 100.0 |   0.0 |   2.4 |   2.4 |  84.0
               +-------+-------+-------+-------+-------+----------------------

Table legend:
 A = Kills in this place as a percentage of kills in entire the game.
 B = Kills by you in this place as a percentage of kills by you in the entire game.
 C = Kills by friends in this place as a percentage of kills by friends in the entire game.
 D = Other kills in this place as a percentage of other kills in the entire game.
 E = Experience gained in this place as a percentage of experience gained in the entire game.
 F = Experience gained in this place divided by the number of levels of this place that you have seen.
                   A       B       C       D       E      F
               +-------+-------+-------+-------+-------+----------------------
         Total | 100.0 | 100.0 |  -nan |  -nan | 100.0 |   8.0
       Dungeon | 100.0 | 100.0 |  -nan |  -nan | 100.0 |   8.0
               +-------+-------+-------+-------+-------+----------------------
